cohdb
Replays
Latest Replays
All Replays
Popular Replays
Top Player Replays
Match Explorer
How It Works
Community
CoH3 Stats
Reddit
Sign in to upload your games and track your stats! →
Sign in with Steam
Match 28680763
Unlisted
Match 28680763
Overview
Messages
Build Orders
End
Construct Barracks
Riflemen Squad
Selects Advanced Infantry Battlegroup
Riflemen Squad
Riflemen Squad
Construct Weapon Support Center
M1 Mortar Team
Construct Medical Station
Selects Convert to Ranger Squad
Infantry Support Center
M1919 Machine Gun Team
Convert to Ranger Squad
Construct Motor Pool
M1 Anti-tank Gun Team
M8 Greyhound Armored Car
Chucleskill
Wrathment
0
0
Comments
sign in to comment!
No comments posted yet!